[Event "WA State Championship"]

[Site "Legacy House, South Perth"]

[Date "2006.07.02"]

[Round "1"]

[White "Boyd, T"]

[Black "Garcia, M"]

[Result "1-0"]

[WhiteElo "2247"]

[BlackElo "1480"]

[ECO "C15"]

[EventDate "2006.07.02"]

[TimeControl "5400+60"]



1.e4 e6 2.d4 d5 3.Nd2 dxe4 4.Nxe4 Qd5 5.Nc3 Bb4 6.Nf3 Nf6 7.Bd3 Ne4 8.O-O 
Nxc3 9.bxc3 Bxc3 10.Rb1 Qd6 11.Rb3 Ba5 12.Ba3 Qf4 13.Qe2 f6 14.Rb5 Bb6 15.
Bc4 Kf7 16.Re1 Re8 17.g3 Qh6 18.Rh5 Qxh5 19.Ne5+ Qxe5 20.dxe5 Bd7 21.Qh5+ 
Kg8 22.exf6 gxf6 23.Rxe6 1-0

[Event "WA State Championship"]
[Site "Legacy House, South Perth"]
[Date "2006.07.02"]
[Round "1"]
[White "Hare, T"]
[Black "Markou, V"]
[Result "1-0"]
[WhiteElo "2067"]
[BlackElo "1426"]
[ECO "A18"]
[EventDate "2006.07.02"]
[TimeControl "5400+60"]

1.c4 Nf6 2.Nc3 e6 3.e4 d6 4.d4 Be7 5.Nf3 Nbd7 6.Be2 O-O 7.O-O c5 8.b3 b6 
9.Bb2 Bb7 10.d5 e5 11.Qc2 a6 12.a3 h6 13.Nd1 Bc8 14.Ne3 Re8 15.Nd2 Nf8 16.
f4 exf4 17.Rxf4 Ng6 18.Rf2 Ne5 19.Raf1 Rf8 20.Bxe5 dxe5 21.Nf3 Bd6 22.Nd2 
Nh7 23.Nf5 Bxf5 24.Rxf5 Ra7 25.Qd3 Qe8 26.Qg3 f6 27.Bh5 Qd8 28.Bg6 Ng5 29.
R5f2 Kh8 30.h4 Nh7 31.Re1 Qe7 32.Nf1 Rg8 33.Ne3 Nf8 34.Nf5 Qd7 35.h5 Bb8 
36.Nh4 b5 37.Bf5 Qe8 38.Qg4 bxc4 39.bxc4 Rb7 40.Be6 Nxe6 41.dxe6 Bd6 42.
Ng6+ Kh7 43.Qf5 Rh8 44.Ne7+ g6 45.hxg6+ Kg7 46.Qxf6# 1-0

[Event "WA State Championship"]
[Site "Legacy House, South Perth"]
[Date "2006.07.02"]
[Round "1"]
[White "Klimczak, J"]
[Black "Haasse, A"]
[Result "0-1"]
[WhiteElo "1379"]
[BlackElo "2057"]
[ECO "B41"]
[EventDate "2006.07.02"]
[TimeControl "5400+60"]

1.e4 c5 2.Nf3 e6 3.d4 cxd4 4.Nxd4 a6 5.Be2 Nf6 6.Bg5 Qa5+ 7.Bd2 Qe5 8.Be3 
Nxe4 9.O-O Be7 10.Nd2 Nxd2 11.Qxd2 O-O 12.c3 Nc6 13.f4 Qc7 14.Nb3 f5 15.
Rad1 b5 16.Rf3 d6 17.c4 bxc4 18.Bxc4 d5 19.Bd3 Bf6 20.Bb1 d4 21.Bf2 Rd8 
22.Qe2 Qb6 23.Qc4 Na5 24.Nxa5 Qxa5 25.b4 Qd5 26.Qxd5 Rxd5 27.Rfd3 Bd7 28.
Bxd4 Bb5 29.R3d2 Ba4 30.Bxf6 Bxd1 31.Rxd5 exd5 32.Bd4 g6 33.Kf2 Ba4 34.Bd3
Bb5 35.Bc2 Kf7 36.h3 Ke6 37.Ke3 Bc4 38.a3 a5 39.Bc5 axb4 40.Bxb4 Bf1 41.
Kf2 Rc8 42.Ba4 Bd3 43.Bb3 Bc2 44.Ba2 Ba4 45.Bb1 Bb3 46.g4 Rc1 47.gxf5+ 
gxf5 48.Bd3 Bc4 49.Bxc4 dxc4 50.h4 Kd5 51.Ke3 Rh1 52.a4 Rh3+ 53.Kd2 Rxh4 
54.a5 Rxf4 55.a6 Rf2+ 0-1

[Event "WA State Championship"]
[Site "Legacy House, South Perth"]
[Date "2006.07.02"]
[Round "1"]
[White "Leonhardt, W"]
[Black "O'Shaughnessy, D"]
[Result "1-0"]
[WhiteElo "1934"]
[BlackElo "1371"]
[ECO "D03"]
[EventDate "2006.07.02"]
[TimeControl "5400+60"]

1.d4 d5 2.Nf3 Nf6 3.Bg5 e6 4.e3 Nbd7 5.c3 Be7 6.Nbd2 O-O 7.Bd3 b6 8.Qe2 
Bb7 9.h3 c5 10.O-O h6 11.Bh4 Ne4 12.Bxe7 Qxe7 13.Rfd1 Nxd2 14.Rxd2 Rac8 
15.Rad1 Rfd8 16.g3 Qf6 17.Nh2 Qg5 18.h4 Qe7 19.f4 f5 20.Nf3 c4 21.Bc2 Kh8 
22.h5 Rg8 23.Nh4 Nf8 24.Ng6+ Nxg6 25.hxg6 Qf6 26.Qh5 Bc6 27.g4 Be8 28.gxf5
exf5 29.Bxf5 Rc6 30.Rg2 Rf8 31.Bc2 Bd7 32.Qxd5 Qe7 33.Qf3 Re6 34.e4 Be8 
35.e5 Bc6 36.Be4 Be8 37.Qg3 Bc6 38.Bxc6 Rxc6 39.Qg4 Rd8 40.f5 Rc5 41.dxc5 
1-0

[Event "WA State Championship"]
[Site "Legacy House, South Perth"]
[Date "2006.07.02"]
[Round "1"]
[White "Jones, N"]
[Black "Kueh, M"]
[Result "1/2-1/2"]
[WhiteElo "1362"]
[BlackElo "1868"]
[ECO "B07"]
[EventDate "2006.07.02"]
[TimeControl "5400+60"]

1.e4 Nf6 2.Nc3 d6 3.f4 Bg4 4.Nf3 Nc6 5.Be2 e5 6.d3 Be7 7.Be3 Qd7 8.fxe5 
dxe5 9.O-O O-O 10.Qe1 Bxf3 11.Bxf3 Nd4 12.Bd1 Ng4 13.Bd2 Bc5 14.Kh1 f6 15.
Qg3 h5 16.h3 Kf7 17.hxg4 hxg4 18.Be3 Rh8+ 19.Kg1 Nf3+ 20.Rxf3 gxf3 21.Bxc5
fxg2 22.Kxg2 Rh6 23.Bg4 Qc6 24.Be3 g5 25.Rh1 Rxh1 26.Kxh1 Rh8+ 27.Kg2 b5 
28.Qf2 a5 29.Kf1 Rh1+ 30.Ke2 b4 31.Nd5 Qxc2+ 32.Bd2 1/2-1/2

[Event "WA State Championship"]
[Site "Legacy House, South Perth"]
[Date "2006.07.02"]
[Round "1"]
[White "Fedec, J"]
[Black "Slack-Smith, B"]
[Result "1-0"]
[WhiteElo "1825"]
[BlackElo "1309"]
[ECO "B01"]
[EventDate "2006.07.02"]
[TimeControl "5400+60"]

1.e4 d5 2.exd5 Nf6 3.d4 Qxd5 4.Nc3 Qa5 5.Nf3 e6 6.Ne5 c5 7.Be3 Nbd7 8.Nc4 
Qc7 9.Qf3 a6 10.O-O-O Nb6 11.Bf4 Qd8 12.dxc5 Nbd5 13.Nb6 Ra7 14.Nbxd5 Nxd5
15.Nxd5 exd5 16.Rxd5 Qa5 17.Bc4 Be6 18.Rhd1 Be7 19.Bd6 b5 20.cxb6 Qxb6 21.
Bxe7 Rxe7 22.Rd6 Qc7 23.Qc6+ 1-0

[Event "WA State Championship"]
[Site "Legacy House, South Perth"]
[Date "2006.07.02"]
[Round "1"]
[White "Gilmetdinov, E"]
[Black "Galvin, R"]
[Result "0-1"]
[WhiteElo "1300"]
[BlackElo "1819"]
[ECO "D43"]
[EventDate "2006.07.02"]
[TimeControl "5400+60"]

1.d4 d5 2.c4 c6 3.Nc3 Nf6 4.Nf3 e6 5.a3 dxc4 6.e4 b5 7.Bg5 h6 8.Bh4 g5 9.
Bg3 Bb7 10.h3 Nbd7 11.b3 cxb3 12.Qxb3 Qa5 13.Kd1 a6 14.Kc2 Be7 15.Ne5 c5 
16.Nxd7 Nxd7 17.d5 c4 18.Qb2 Bf6 19.Qb4 Qxb4 20.axb4 exd5 21.exd5 O-O-O 
22.Rd1 Rhe8 23.h4 Nb6 24.d6 Bxc3 25.d7+ Rxd7 26.Rxd7 Kxd7 27.Kxc3 Nd5+ 28.
Kd4 Nxb4 29.hxg5 hxg5 30.Rh7 Re7 31.f3 Nc2+ 32.Kc5 Ne3 33.Bd6 Nxf1 34.Bxe7
Kxe7 35.Rh1 Nd2 36.Re1+ Kf6 37.Kb4 Nxf3 38.gxf3 Bxf3 39.Rf1 g4 40.Ka5 Ke5 
41.Kxa6 b4 42.Kb5 b3 43.Rb1 Kd4 44.Kb4 Kd3 45.Rb2 g3 46.Rb1 Kc2 47.Rf1 b2 
48.Kxc4 Be2+ 49.Kd4 Bxf1 0-1

[Event "WA State Championship"]
[Site "Legacy House, South Perth"]
[Date "2006.07.02"]
[Round "1"]
[White "Dix, P"]
[Black "Laugery, B"]
[Result "1-0"]
[WhiteElo "1803"]
[BlackElo "1264"]
[ECO "D02"]
[EventDate "2006.07.02"]
[TimeControl "5400+60"]

1.d4 d5 2.Nf3 Nf6 3.Bf4 e6 4.e3 Bd6 5.Ne5 Nbd7 6.Nd2 O-O 7.Bd3 c6 8.Nxc6 
bxc6 9.Bxd6 Re8 10.Nf3 Nf8 11.Bg3 Qa5+ 12.c3 Qb6 13.Rb1 Ba6 14.O-O Bxd3 
15.Qxd3 a5 16.b4 axb4 17.Rxb4 Qa6 18.Qxa6 Rxa6 19.a4 Rea8 20.Ra1 N6d7 21.
h3 c5 22.Rb7 c4 23.a5 Rxa5 24.Rxa5 Rxa5 25.Bd6 Ra8 26.Ng5 f6 27.Nxe6 Nxe6 
28.Rxd7 Rd8 29.Rxd8+ Nxd8 30.f3 Kf7 31.e4 Ke6 32.Bc7 Nc6 33.Kf2 Na7 34.Ke3
Nb5 35.Ba5 Nd6 36.Bb4 Nf7 37.g4 g5 38.Bf8 Nh8 39.Bg7 Ng6 40.exd5+ Kxd5 41.
Bxf6 h6 42.Be5 Ke6 43.Ke4 Ne7 44.f4 gxf4 45.Bxf4 Nd5 46.Bd2 Nf6+ 47.Kf3 
Ng8 48.h4 Kd5 49.g5 hxg5 50.Bxg5 Ke6 51.Ke4 Kd6 52.h5 Ke6 53.h6 Nf6+ 54.
Bxf6 Kxf6 55.d5 Kg6 56.d6 1-0

[Event "WA State Championship"]
[Site "Legacy House, South Perth"]
[Date "2006.07.02"]
[Round "1"]
[White "Sainsbury, G"]
[Black "Dunlop, G"]
[Result "0-1"]
[WhiteElo "1242"]
[BlackElo "1802"]
[ECO "D05"]
[EventDate "2006.07.02"]
[TimeControl "5400+60"]

1.d4 d5 2.Nf3 e6 3.e3 c5 4.c3 Nf6 5.Bd3 Bd6 6.Nbd2 O-O 7.O-O Nbd7 8.Qe2 
cxd4 9.cxd4 b6 10.e4 dxe4 11.Nxe4 Nxe4 12.Qxe4 Nf6 13.Qxa8 Qc7 14.Bxh7+ 
Kxh7 15.Ng5+ Kg6 16.Qf3 Bxh2+ 17.Kh1 Rh8 18.Qd3+ Ne4 19.Nh3 f5 20.Be3 Bb7 
21.Rac1 Ng3+ 22.fxg3 Bxg2+ 23.Kxh2 Rxh3+ 24.Kg1 Qxg3 25.Qxf5+ exf5 0-1

[Event "WA State Championship"]
[Site "Legacy House, South Perth"]
[Date "2006.07.02"]
[Round "1"]
[White "Haselgrove, M"]
[Black "Bailye, R"]
[Result "1-0"]
[WhiteElo "1751"]
[BlackElo "1143"]
[ECO "C78"]
[EventDate "2006.07.02"]
[TimeControl "5400+60"]

1.e4 e5 2.Nf3 Nc6 3.Bb5 a6 4.Ba4 Nf6 5.O-O Bc5 6.Re1 O-O 7.c3 d6 8.h3 b5 
9.Bb3 Bb7 10.d3 h6 11.Nbd2 Ne7 12.Nf1 Ng6 13.Ng3 Bb6 14.Nf5 Kh7 15.g4 Ng8 
16.g5 Nf4 17.Bxf4 exf4 18.gxh6 g6 19.N5d4 Nxh6 20.Kh2 c5 21.Ne2 c4 22.dxc4
Bxf2 23.Rf1 Be3 24.cxb5 Bxe4 25.bxa6 Rxa6 26.Bd5 Bxd5 27.Qxd5 Ra5 28.Qc4 
Rh5 29.Nxf4 d5 30.Qb4 Rf5 31.Ng2 Ba7 32.Nd4 Rxf1 33.Rxf1 Bb8+ 34.Kg1 Bd6 
35.Qb7 Qb8 36.Qxb8 Rxb8 37.b3 Bc5 38.Ne3 Re8 39.Nxd5 Kg7 40.Kf2 Nf5 41.Re1
Rd8 42.Ne3 Nxd4 43.cxd4 Bxd4 44.Re2 Bc5 45.Kf3 f5 46.Rc2 Ba3 47.Nc4 Be7 
48.Rd2 Rh8 49.Kg2 Kf6 50.a4 Rb8 51.Rd3 f4 52.Kf3 g5 53.a5 Ra8 54.Ke4 Bb4 
55.Rd5 Re8+ 56.Kf3 Rh8 57.Kg2 f3+ 58.Kxf3 Rxh3+ 59.Ke2 Rxb3 60.a6 Rb1 61.
a7 Ra1 62.Ra5 Re1+ 63.Kf2 Re8 64.a8=Q Rxa8 65.Rxa8 Kg6 66.Kf3 Be7 67.Kg4 
Bf6 68.Nd2 Be7 69.Nf3 Bf6 70.Ra5 Bd8 71.Rd5 Be7 72.Nxg5 Bf6 73.Ne4 Bb2 74.
Rd6+ Kf7 75.Kf5 Ke7 76.Rb6 Kd7 1-0

[Event "WA State Championship"]
[Site "Legacy House, South Perth"]
[Date "2006.07.02"]
[Round "1"]
[White "Choong, Y"]
[Black "Sam, R"]
[Result "1-0"]
[WhiteElo "1729"]
[BlackElo "1091"]
[ECO "C53"]
[EventDate "2006.07.02"]
[TimeControl "5400+60"]

1.e4 e5 2.Nf3 Nc6 3.Bc4 Bc5 4.c3 Qe7 5.O-O d6 6.d4 Bb6 7.Re1 Bg4 8.d5 Nb8 
9.h3 Bh5 10.a4 a6 11.Be3 Bxe3 12.Rxe3 Nf6 13.Nbd2 Nbd7 14.Re1 Nb6 15.Bd3 
a5 16.b4 axb4 17.cxb4 O-O 18.Qc2 Rfc8 19.a5 Nbd7 20.a6 bxa6 21.Bxa6 Rcb8 
22.Qxc7 Rxb4 23.Bc8 Rbb8 24.Rxa8 Rxa8 25.Nc4 Bxf3 26.gxf3 Kf8 27.Nxd6 Nb8 
28.Rc1 Qxc7 29.Rxc7 Ne8 30.Rxf7+ Kg8 31.Be6 h6 32.Ra7+ Kh7 33.Bf5+ Kg8 34.
Rxa8 Nxd6 35.Rxb8+ Kf7 36.Rd8 Nc4 37.d6 g6 38.d7 Nb6 39.Rf8+ Kxf8 40.d8=Q+
Kf7 41.Bxg6+ Kxg6 42.Qxb6+ Kg5 43.h4+ Kh5 44.Kg2 Kxh4 45.Qxh6# 1-0

[Event "WA State Championship"]
[Site "Legacy House, South Perth"]
[Date "2006.07.02"]
[Round "1"]
[White "Vahala, K"]
[Black "Shaw, R"]
[Result "0-1"]
[WhiteElo "891"]
[BlackElo "1711"]
[ECO "B03"]
[EventDate "2006.07.02"]
[TimeControl "5400+60"]

1.e4 Nf6 2.e5 Nd5 3.d4 d6 4.Bc4 Nb6 5.exd6 Nxc4 6.c3 Nxd6 7.Nf3 Bg4 8.O-O 
Nd7 9.Bf4 e6 10.h3 Bh5 11.Re1 Qf6 12.Bg3 Bxf3 13.gxf3 O-O-O 14.a3 Nb6 15.
b3 Nf5 16.Bh2 h5 17.Nd2 Bd6 18.f4 Nd5 19.Qf3 Nh4 20.Qe4 Bxf4 21.Bxf4 Nxf4 
22.Re3 Rd5 23.Nc4 Rg5+ 24.Kh1 Qf5 25.Qxf5 Nxf5 26.Rf3 Ng6 27.Re1 Rd8 28.
Rg1 Rxg1+ 29.Kxg1 b6 30.b4 Rd7 31.Kf1 f6 32.Ke2 Ngh4 33.Rd3 g5 34.Nd2 Ng6 
35.Nf1 Nf4+ 36.Kd2 Nxd3 37.Kxd3 Kb7 38.Nd2 Nd6 39.Nb3 f5 40.a4 Ne4 41.f3 
Nf2+ 42.Ke3 Nxh3 43.a5 Nf4 0-1

[Event "WA State Championship"]
[Site "Legacy House, South Perth"]
[Date "2006.07.02"]
[Round "1"]
[White "Saxon, M"]
[Black "Williams, R"]
[Result "1-0"]
[WhiteElo "1702"]
[BlackElo "887"]
[ECO "A45"]
[EventDate "2006.07.02"]
[TimeControl "5400+60"]

1.d4 e6 2.e3 Nf6 3.Bd3 d5 4.Nd2 a6 5.f4 Nc6 6.Ngf3 Nb4 7.O-O Ng4 8.Nb3 
Nxd3 9.cxd3 Bd6 10.e4 dxe4 11.dxe4 Bd7 12.Ne5 Nf6 13.Nxd7 Nxd7 14.Qg4 O-O 
15.e5 Be7 16.f5 Nf6 17.exf6 Bxf6 18.fxe6 fxe6 19.Qxe6+ Kh8 20.Be3 a5 21.
Rae1 Ra6 22.Qg4 a4 23.Nc5 Rd6 24.Nxb7 Qd7 25.Qxd7 Rxd7 26.Nc5 Rd6 27.Ne4 
Re6 28.Nxf6 gxf6 29.Bh6 Rfe8 30.Rxe6 Rxe6 31.Kf2 f5 32.Bd2 Kg8 33.Re1 Rb6 
34.Bc3 Kf7 35.Re5 Kf6 36.d5 Kf7 37.Rxf5+ Kg6 38.g4 c5 39.Ke3 Ra6 40.Rf6+ 
Rxf6 41.Bxf6 Kxf6 42.Ke4 Ke7 43.Ke5 Kd7 44.h4 c4 45.a3 1-0

[Event "WA State Championship"]
[Site "Legacy House, South Perth"]
[Date "2006.07.02"]
[Round "1"]
[White "McCracken, S"]
[Black "Pavlovic, M"]
[Result "0-1"]
[WhiteElo "720"]
[BlackElo "1697"]
[ECO "B10"]
[EventDate "2006.07.02"]
[TimeControl "5400+60"]

1.e4 c6 2.Nf3 d5 3.d3 dxe4 4.Ne5 Nf6 5.Nc3 Bf5 6.f3 exd3 7.Bxd3 Bxd3 8.
Qxd3 Qxd3 9.Nxd3 Nbd7 10.O-O e6 11.Ne4 Nxe4 12.fxe4 Nf6 13.Nc5 Bxc5+ 14.
Kh1 O-O 15.h3 Nxe4 16.Kh2 Rad8 17.Re1 f5 18.Be3 Bxe3 19.Rxe3 Rd2 20.Rc1 
Rfd8 21.Ra3 Rf2 22.Rxa7 Rdd2 23.Kg1 Ng3 24.Rxb7 Rxg2# 0-1

[Event "WA State Championship"]
[Site "Legacy House, South Perth"]
[Date "2006.07.02"]
[Round "1"]
[White "Jahangirian, M"]
[Black "Williams, W"]
[Result "1-0"]
[WhiteElo "1679"]
[BlackElo "640"]
[ECO "C60"]
[EventDate "2006.07.02"]
[TimeControl "5400+60"]

1.e4 e5 2.Nf3 Nc6 3.Bb5 Nge7 4.O-O a6 5.Ba4 b5 6.Bb3 d5 7.exd5 Nxd5 8.h3 
e4 9.Re1 Bf5 10.d4 Be7 11.Ne5 O-O 12.Nxc6 Qd6 13.Bxd5 Bf6 14.Bxe4 Bxe4 15.
Rxe4 Qxc6 16.Re1 Rad8 17.Be3 Qd6 18.c3 c5 19.Na3 cxd4 20.cxd4 Bxd4 21.Qxd4
Qxd4 22.Bxd4 Rxd4 23.Rad1 Rf4 24.Nc2 Rc4 25.Ne3 Rb4 26.Re2 g6 27.Nd5 Rc4 
28.b3 Rc5 29.Rdd2 Rd8 30.Ne7+ Kg7 31.Rxd8 Rc1+ 32.Kh2 1-0

[Event "WA State Championship"]
[Site "Legacy House, South Perth"]
[Date "2006.07.02"]
[Round "1"]
[White "Williams, Verity"]
[Black "Payne, S"]
[Result "1-0"]
[WhiteElo "634"]
[BlackElo "1675"]
[ECO "A48"]
[EventDate "2006.07.02"]
[TimeControl "5400+60"]

1.d4 Nf6 2.e3 g6 3.Nf3 Bg7 4.g3 d6 5.Bg2 O-O 6.O-O Nbd7 7.Nbd2 c6 8.c4 e5 
9.dxe5 Nxe5 10.Nxe5 dxe5 11.b3 e4 12.Rb1 Re8 13.Bb2 Bg4 14.Bxf6 Qd7 15.f3 
exf3 16.Bxf3 Bxf3 17.Rxf3 Bxf6 18.Rxf6 Rad8 19.Rf2 Rxe3 20.Qc2 Qd4 21.Nf1 
Re6 22.Qd2 Qb6 23.c5 Rxd2 24.cxb6 Rxf2 25.Kxf2 axb6 26.Nd2 b5 27.Re1 Rf6+ 
28.Kg2 Kf8 29.Ne4 Re6 30.Kf2 b6 31.Ng5 Rf6+ 32.Ke3 Rf5 33.Ne4 Re5 34.Kd4 
Re7 35.Re3 c5+ 36.Kd3 c4+ 37.bxc4 bxc4+ 38.Kxc4 f5 39.Kd4 fxe4 40.Rxe4 
Rd7+ 41.Kc4 Rd2 42.a4 Rxh2 43.Kb5 Rb2+ 44.Rb4 Re2 45.Kxb6 Re6+ 46.Kc5 Re5+
47.Kb6 Re6+ 48.Kc5 h5 49.a5 g5 50.Kb5 Re5+ 51.Kb6 Re6+ 52.Kc5 Ke8 53.Rb6 
Re5+ 54.Kb4 Kd7 55.a6 Kc7 56.a7 Re8 57.Kb5 h4 58.Ka6 Re1 59.Rb7+ Kc6 60.
Rb6+ Kc5 61.Rb5+ Kc4 62.a8=Q h3 63.Qc6+ Kd3 64.Rd5+ Ke2 65.Qe6+ Kf2 66.
Rf5+ Kg2 67.Qxe1 h2 68.Qf2+ Kh3 69.Qxh2+ 1-0

[Event "WA State Championship"]
[Site "Legacy House, South Perth"]
[Date "2006.07.02"]
[Round "1"]
[White "Williams, Veronica"]
[Black "Tomic, N"]
[Result "0-1"]
[WhiteElo "124"]
[BlackElo "1665"]
[ECO "A80"]
[EventDate "2006.07.02"]
[TimeControl "5400+60"]

1.d4 f5 2.e3 e6 3.Nf3 Nf6 4.a3 b6 5.Nc3 Bb7 6.Be2 a5 7.O-O d6 8.Bd3 g6 9.
Ng5 Qe7 10.Qe2 h6 11.Nh3 e5 12.dxe5 dxe5 13.e4 f4 14.g3 g5 15.Bd2 Nbd7 16.
Nb5 Nc5 17.f3 O-O-O 18.b4 Nxd3 19.cxd3 Qd7 20.Nc3 Qxh3 21.g4 axb4 22.axb4 
Bxb4 23.Qg2 Qxg2+ 24.Kxg2 Rxd3 0-1

[Event "WA State Championship"]
[Site "Legacy House, South Perth"]
[Date "2006.07.09"]
[Round "2"]
[White "Holland, D"]
[Black "Boyd, T"]
[Result "1/2-1/2"]
[WhiteElo "1739"]
[BlackElo "2247"]
[ECO "E73"]
[EventDate "2006.07.02"]
[TimeControl "5400+60"]

1.d4 Nf6 2.c4 g6 3.Nc3 Bg7 4.e4 d6 5.Be2 O-O 6.Be3 e5 7.dxe5 dxe5 8.Bc5 
Re8 9.Nf3 Qxd1+ 10.Rxd1 Na6 11.Ba3 Bf8 12.Bxf8 Kxf8 13.Nd2 c6 14.Nb3 Be6 
15.O-O Rad8 16.Na5 Nc5 17.f3 Bc8 18.b4 Ne6 19.c5 Rd4 20.Rxd4 Nxd4 21.Nc4 
Be6 1/2-1/2

[Event "WA State Championship"]
[Site "Legacy House, South Perth"]
[Date "2006.07.09"]
[Round "2"]
[White "Barber, H"]
[Black "Choong, Y"]
[Result "1-0"]
[WhiteElo "2142"]
[BlackElo "1729"]
[ECO "A02"]
[EventDate "2006.07.02"]
[TimeControl "5400+60"]

1.f4 g6 2.Nf3 Bg7 3.d3 c5 4.e4 Nc6 5.Be2 d5 6.c3 e5 7.O-O d4 8.Qe1 Qb6 9.
Na3 f6 10.Qg3 Nge7 11.fxe5 fxe5 12.Ng5 Nd8 13.cxd4 cxd4 14.Nc4 Qc7 15.Bd2 
h6 16.Nf3 Nf7 17.Nxd4 Qc5 18.Qf2 O-O 19.Nb3 Qc7 20.Rac1 b6 21.Qg3 Be6 22.
Bb4 g5 23.d4 Qd8 24.d5 Bd7 25.Bh5 Be8 26.Rf2 a5 27.Bc3 a4 28.Nbd2 Qb8 29.
Bxf7+ Bxf7 30.Bxe5 Bxe5 31.Nxe5 b5 32.Rcf1 1-0

[Event "WA State Championship"]
[Site "Legacy House, South Perth"]
[Date "2006.07.09"]
[Round "2"]
[White "Shaw, R"]
[Black "Hare, T"]
[Result "1/2-1/2"]
[WhiteElo "1711"]
[BlackElo "2067"]
[ECO "A10"]
[EventDate "2006.07.02"]
[TimeControl "5400+60"]

1.e4 g6 2.c4 Bg7 3.Nc3 c5 4.f4 Nc6 5.Nf3 d6 6.Be2 Nf6 7.O-O O-O 8.d3 a6 9.
h3 Rb8 10.a4 Ne8 11.Qe1 Nd4 12.Nxd4 cxd4 13.Nd1 b5 14.cxb5 axb5 15.a5 Nc7 
16.Bd2 Na6 17.b4 f5 18.Nf2 Bb7 19.Bf3 e5 20.Qd1 Kh8 21.g3 Qe7 22.Rc1 d5 
23.exd5 Nxb4 24.Qb3 Na6 25.Qxb5 Rfd8 26.Qc4 Qd6 27.Rb1 Rdc8 28.Qa2 Ba8 29.
Rxb8 Rxb8 30.Re1 h5 31.Kg2 Nc5 32.fxe5 Bxe5 33.Rxe5 Qxe5 34.Bf4 Qe8 35.
Bxb8 Qxb8 36.Qc4 Nb3 37.a6 Kh7 38.Qa4 1/2-1/2

[Event "WA State Championship"]
[Site "Legacy House, South Perth"]
[Date "2006.07.09"]
[Round "2"]
[White "Haasse, A"]
[Black "Saxon, M"]
[Result "1-0"]
[WhiteElo "2057"]
[BlackElo "1702"]
[ECO "B08"]
[EventDate "2006.07.02"]
[TimeControl "5400+60"]

1.e4 d6 2.d4 Nf6 3.Nc3 g6 4.Nf3 Bg7 5.Bg5 O-O 6.Qd2 c5 7.Bh6 cxd4 8.Nxd4 
Bxh6 9.Qxh6 Qb6 10.O-O-O Ng4 11.Qh4 e5 12.Nd5 Qd8 13.Ne7+ Kg7 14.Ndf5+ 
gxf5 15.exf5 Kh8 16.h3 f6 17.Ng6+ Kg8 18.hxg4 1-0

[Event "WA State Championship"]
[Site "Legacy House, South Perth"]
[Date "2006.07.09"]
[Round "2"]
[White "Pavlovic, M"]
[Black "Leonhardt, W"]
[Result "1-0"]
[WhiteElo "1697"]
[BlackElo "1934"]
[ECO "D35"]
[EventDate "2006.07.02"]
[TimeControl "5400+60"]

1.d4 d5 2.c4 e6 3.Nc3 c6 4.cxd5 exd5 5.Nf3 Nf6 6.Qc2 Bg4 7.Bg5 Be7 8.Ne5 
Bh5 9.e3 Nbd7 10.Nxd7 Qxd7 11.Bd3 Qg4 12.f4 h6 13.Bf5 hxg5 14.Bxg4 Nxg4 
15.Qd2 gxf4 16.exf4 O-O 17.O-O f5 18.Rae1 Bd6 19.Re6 Rad8 20.h3 Nf6 21.
Ree1 Ne4 22.Nxe4 dxe4 23.Qc3 Kh8 24.a3 Bc7 25.g4 Bg6 26.Rd1 Rd5 27.Qb4 Rb8
28.Qe7 Bb6 29.Qh4+ Kg8 30.gxf5 Bxf5 31.Qg5 Bxh3 32.f5 Bxf1 33.Rxf1 Bxd4+ 
34.Kg2 Bf6 35.Qg6 Rd2+ 36.Kh3 Rbd8 37.Rg1 e3 38.Qxf6 R8d7 39.Qe6+ Kh8 40.
Qe8+ Kh7 41.Rg5 R7d6 42.Qf7 1-0

[Event "WA State Championship"]
[Site "Legacy House, South Perth"]
[Date "2006.07.09"]
[Round "2"]
[White "Jahangirian, M"]
[Black "Fedec, J"]
[Result "0-1"]
[WhiteElo "1679"]
[BlackElo "1825"]
[ECO "B73"]
[EventDate "2006.07.02"]
[TimeControl "5400+60"]

1.e4 c5 2.Nf3 d6 3.d4 cxd4 4.Nxd4 Nf6 5.Nc3 g6 6.Be2 Bg7 7.O-O O-O 8.Be3 
Nc6 9.f4 Qb6 10.Qd2 Nxe4 11.Nxe4 Bxd4 12.Bxd4 Nxd4 13.Kh1 Nxe2 14.Qxe2 
Qxb2 15.Rfb1 Qg7 16.Rd1 b6 17.Rab1 Bb7 18.Ng3 Rfe8 19.Rb3 Kh8 20.h3 Rac8 
21.Kh2 f5 22.Re3 Qf7 23.Rd2 e5 24.Qf2 Rcd8 25.Ra3 Ba8 26.c4 Qb7 27.Rad3 
Qc7 28.Rc2 Rc8 29.Qd2 d5 30.a4 exf4 31.Nf1 f3+ 32.Ng3 fxg2 33.Rdc3 f4 34.
Qd4+ Kg8 35.cxd5 fxg3+ 36.Kxg2 Qd7 37.Rxc8 Rxc8 38.Rd2 Rc5 39.Kxg3 Bxd5 
40.Qe5 Qb7 41.Qe8+ Kg7 42.Qe5+ Kf7 43.Rf2+ Bf3 44.Qd6 Rf5 45.Kh2 Qe7 46.
Qg3 h5 47.Rc2 h4 48.Qb8 Rd5 49.Rf2 Qe3 50.Qxa7+ Kg8 51.Qb8+ Kh7 0-1

[Event "WA State Championship"]
[Site "Legacy House, South Perth"]
[Date "2006.07.09"]
[Round "2"]
[White "Tomic, N"]
[Black "Dix, P"]
[Result "1-0"]
[WhiteElo "1665"]
[BlackElo "1803"]
[ECO "A00"]
[EventDate "2006.07.02"]
[TimeControl "5400+60"]

1.g4 e5 2.d4 exd4 3.Qxd4 Nc6 4.Qa4 Bc5 5.Nf3 d5 6.c3 Nf6 7.Bg5 Be7 8.Qf4 
Bd6 9.Qe3+ Be6 10.Nbd2 Nxg4 11.Qd3 f6 12.Bh4 O-O 13.Bh3 Qd7 14.Bxg4 Bxg4 
15.Qxd5+ Kh8 16.O-O-O Be6 17.Qb5 a6 18.Qd3 Qf7 19.Bg3 Rad8 20.Qc2 b5 21.
Ne4 Bxg3 22.hxg3 Rxd1+ 23.Kxd1 Bxa2 24.Ned2 g6 25.b3 Bxb3 26.Qxb3 Qd7 27.
Kc2 Re8 28.e3 Rd8 29.Nd4 Ne5 30.Qe6 Qg7 31.f4 1-0

[Event "WA State Championship"]
[Site "Legacy House, South Perth"]
[Date "2006.07.09"]
[Round "2"]
[White "Whitehead, P"]
[Black "Haselgrove, M"]
[Result "1/2-1/2"]
[WhiteElo "1582"]
[BlackElo "1751"]
[ECO "E73"]
[EventDate "2006.07.02"]
[TimeControl "5400+60"]

1.d4 Nf6 2.c4 g6 3.Nc3 Bg7 4.e4 d6 5.Be2 O-O 6.Bg5 Nbd7 7.Qd2 e5 8.d5 a5 
9.Nf3 Nc5 10.Qc2 h6 11.Be3 Nh5 12.Nd2 Nf4 13.O-O f5 14.Rae1 Bd7 15.Nb3 
Nxe4 16.Nxe4 fxe4 17.Nd2 Nxe2+ 18.Rxe2 b6 19.Nxe4 g5 20.Ng3 Qf6 21.b3 Be8 
22.Ne4 Qf5 23.f3 Bg6 24.Qd2 Qf7 25.Ref2 Qe7 26.Nc3 Bf5 27.Re1 Qd7 28.Rfe2 
Rae8 29.Ne4 Bg6 30.a3 Ra8 1/2-1/2

[Event "WA State Championship"]
[Site "Legacy House, South Perth"]
[Date "2006.07.09"]
[Round "2"]
[White "Dunlop, G"]
[Black "Deheer, A"]
[Result "1/2-1/2"]
[WhiteElo "1802"]
[BlackElo "1530"]
[ECO "B32"]
[EventDate "2006.07.02"]
[TimeControl "5400+60"]

1.e4 c5 2.Nf3 Nc6 3.d4 cxd4 4.Nxd4 Qb6 5.Nxc6 dxc6 6.Be2 Nf6 7.Nc3 e5 8.
O-O Bc5 9.Na4 Qb4 10.c3 Qa5 11.b4 Bxb4 12.cxb4 Qxb4 13.Bg5 Qxe4 14.Bf3 Qg6
15.Bh4 O-O 16.Bxf6 gxf6 17.g3 Bh3 18.Bg2 Bxg2 19.Kxg2 Rfd8 20.Qe2 Rd4 21.
Nc5 b6 22.Nb3 Rd5 23.Qc4 f5 24.Rac1 Rd6 25.Rfe1 Qe6 26.Qe2 e4 27.f3 Re8 
28.fxe4 fxe4 29.Rc4 f5 30.Rf1 Red8 31.Rc2 c5 32.Qh5 Rd5 33.Qg5+ Qg6 34.Qf4
a5 35.Rcf2 c4 36.Nc1 c3 37.Qc7 Qf6 38.Ne2 Rc5 39.Qf4 Rd2 40.Qe3 Rxa2 41.
Nd4 Rxf2+ 42.Rxf2 Rd5 43.Nc2 Rd3 44.Qf4 h5 45.Ne3 Rd2 46.Rxd2 cxd2 47.Nd5 
d1=Q 48.Nxf6+ Kf7 49.Qc7+ Kxf6 50.Qxb6+ Ke7 51.Qc7+ Ke6 52.Qb6+ Qd6 53.
Qxa5 e3 54.Kf3 Qd1+ 55.Kxe3 Qg1+ 56.Kf4 Qc1+ 57.Kf3 Qf1+ 58.Ke3 Qg1+ 59.
Kf4 Qc1+ 60.Kf3 Qd1+ 61.Kg2 Qe2+ 62.Kh3 Qg4+ 63.Kg2 Qe2+ 64.Kh3 Qg4+ 65.
Kg2 Qe4+ 66.Kh3 Qg4+ 67.Kg2 1/2-1/2

[Event "WA State Championship"]
[Site "Legacy House, South Perth"]
[Date "2006.07.09"]
[Round "2"]
[White "Payne, S"]
[Black "Hessing, R"]
[Result "1/2-1/2"]
[WhiteElo "1675"]
[BlackElo "1607"]
[ECO "B01"]
[EventDate "2006.07.02"]
[TimeControl "5400+60"]

1.e4 d5 2.exd5 Qxd5 3.Nc3 Qa5 4.d4 Nf6 5.Qf3 c6 6.h3 Nbd7 7.Bf4 Nd5 8.Ne2 
N7f6 9.O-O-O e6 10.g4 Nxc3 11.Nxc3 Bb4 12.Bg2 Bxc3 13.Qxc3 Qxc3 14.bxc3 
Nd5 15.Bd2 b5 16.Rde1 O-O 17.Be4 Bb7 18.f4 Rfe8 19.Rhf1 Rac8 20.f5 Nf6 21.
fxe6 Rxe6 22.Bf5 Rxe1+ 23.Rxe1 Re8 24.Rxe8+ Nxe8 25.Bf4 g6 26.Bd3 f6 27.c4
a6 28.cxb5 axb5 29.c4 bxc4 30.Bxc4+ Kf8 31.a4 Ke7 32.a5 Nd6 33.a6 Ba8 34.
Bg8 h5 35.gxh5 gxh5 36.Bxd6+ Kxd6 37.h4 c5 38.d5 Kc7 39.Be6 Kd6 40.Bf7 Ke5
41.Bxh5 Bxd5 42.Be8 f5 43.Bd7 f4 44.Bc8 f3 45.Kd2 Kd4 46.Bb7 f2 47.Ke2 
f1=Q+ 48.Kxf1 Bc4+ 49.Kf2 Bxa6 50.Bxa6 Ke5 1/2-1/2